 Dungeon Crawl Stone Soup version 0.23.0-42-geed6394480 (webtiles) character file.

Game seed: 6604682529623826026

273 Cykl0x the Skirmisher (level 6, -3/53 HPs)
             Began as a Minotaur Fighter on Mar 1, 2019.
             Killed by nerve-wracking pain
             ... invoked by an orc priest
              (12 damage)
             ... on level 3 of the Dungeon.
             The game lasted 00:04:20 (1323 turns).

Cykl0x the Skirmisher (Minotaur Fighter)            Turns: 1323, Time: 00:04:20

Health: -3/53      AC: 15    Str: 22    XL:     6   Next: 3%
Magic:  5/5        EV:  6    Int:  5    God:
Gold:   69         SH:  9    Dex: 10    Spells: 5/5 levels left

rFire    . . .     SeeInvis .   a - +0 war axe
rCold    . . .     Gourm    .   c - +0 shield
rNeg     . . .     Faith    .   l - +0 chain mail
rPois    .         Spirit   .   (helmet restricted)
rElec    .         Reflect  .   n - +2 cloak
rCorr    .         Harm     .   m - +0 pair of gloves
MR       .....                  h - +0 pair of boots
Stlth    ..........             (no amulet)
HPRegen  0.17/turn              (no ring)
MPRegen  0.09/turn              (no ring)

@: lethally poisoned (-3 -> -4)
A: retaliatory headbutt, horns 2
a: no special abilities


You were on level 3 of the Dungeon.
You were not hungry.

You visited 1 branch of the dungeon, and saw 3 of its levels.

You collected 69 gold pieces.

Inventory:

Hand Weapons
 a - a +0 war axe (weapon)
Missiles
 e - 18 stones (quivered)
Armour
 b - a +0 scale mail
 c - a +0 shield (worn)
 h - a +0 pair of boots (worn)
 l - a +0 chain mail (worn)
 m - a +0 pair of gloves (worn)
 n - a +2 cloak (worn)
Jewellery
 k - a +4 amulet of reflection
Scrolls
 i - 3 scrolls of identify
 o - a scroll of enchant armour {unknown}
Potions
 d - a potion of lignification {unknown}
 j - 2 potions of curing
Comestibles
 f - 3 rations
 g - 9 chunks of flesh


   Skills:
 + Level 4.5 Fighting
 + Level 4.2 Axes
 * Level 2.7 Throwing
 + Level 4.3 Armour
 * Level 2.1 Dodging
 + Level 4.4 Shields


You had 5 spell levels left.
You didn't know any spells.
Your spell library was empty.

Dungeon Overview and Level Annotations

Branches:
Dungeon (3/15)

Altars:


Innate Abilities, Weirdness & Mutations

You reflexively headbutt those who attack you in melee.
You have a pair of horns on your head.


Message History

Your chain mail prevents you from hitting the orc priest.
The orc priest is severely wounded.
You slash the kobold!
You kill the kobold!
You feel sick.
The orc priest hits you with a +0 falchion.
* * * LOW HITPOINT WARNING * * *
Your shield and chain mail prevent you from hitting the orc priest.
The orc priest is severely wounded.
The orc priest hits you but does no damage.
The orc priest barely misses you.
You closely miss the orc priest. You headbutt the orc priest.
The orc priest is almost dead.
The orc priest hits you but does no damage.
You closely miss the orc priest. Your headbutt misses the orc priest.
The orc priest is almost dead.
You feel sick.
The orc priest calls down the wrath of Beogh upon you.
Pain shoots through your body!
You die...

.# #.# .# #.#...#.# #.# ##
#.......# #)# ##
#.......####.##### .#######
#.......#........#
..÷....#####.......#........#
######.....#.......#........#
.# #####.#...))..#........#
.######....#...o@..#........#
........##.#...⌠...#........#
.###########....((.#........#
.# #.......#........# .#
#.......#........# ##
#.......#.########
#.......#.# #.).....#.#
#.......#.#


You could see an orc priest.

Vanquished Creatures
  Crazy Yiuf (D:2)
  An orc priest (D:3)
  3 orc wizards (D:3)
  A gnoll (D:3)
  4 adders
  An ooze (D:3)
  A dart slug (D:2)
  4 leopard geckos
  10 orcs
  A ball python (D:3)
  4 bats
  2 giant cockroaches (D:3)
  5 goblins
  7 hobgoblins
  6 jackals (D:2)
  7 kobolds
  2 quokkas (D:3)
  5 frilled lizards
  11 rats
76 creatures vanquished.

Notes
Turn   | Place    | Note
-------+----------+-------------------------------------------
     0 | D:1      | Cykl0x the Minotaur Fighter began the quest for the Orb.
     0 | D:1      | Reached XP level 1. HP: 19/19 MP: 0/0
    77 | D:1      | Reached XP level 2. HP: 21/27 MP: 1/1
    84 | D:1      | You fall through a shaft!
   193 | D:2      | Reached XP level 3. HP: 29/33 MP: 2/2
   333 | D:2      | Reached skill level 1 in Dodging
   595 | D:2      | Found a runed translucent door.
   596 | D:2      | Noticed Crazy Yiuf
   604 | D:2      | Killed Crazy Yiuf
   604 | D:2      | Reached skill level 1 in Throwing
   604 | D:2      | Reached XP level 4. HP: 17/40 MP: 3/3
   780 | D:3      | Reached XP level 5. HP: 47/47 MP: 4/4
  1292 | D:3      | Reached XP level 6. HP: 43/53 MP: 5/5
  1323 | D:3      | Killed from afar by an orc priest

Skill      XL: |  1  2  3  4  5 |
---------------+----------------+-----
Fighting       | 4 |  4.5
Armour         | 4 |  4.3
Dodging        | 1 2 |  2.1
Axes           | 3 4 |  4.2
Throwing       | 1 2 |  2.7
Shields        | 4 |  4.4

Action                   |  1- 3 |  4- 6 || total
-------------------------+-------+-------++-------
Melee: War axe           |    67 |   104 ||   171
       Headbutt          |    10 |    10 ||    20
Throw: Stone             |     9 |     8 ||    17
  Use: Scroll            |     3 |       ||     3
       Potion            |       |     2 ||     2
  Eat: Chunk             |       |     2 ||     2
Armor: Scale mail        |    40 |       ||    40
       Chain mail        |     4 |    90 ||    94
Dodge: Dodged            |    40 |    33 ||    73
Block: Shield            |    57 |    58 ||   115
